 Dungeon Crawl Stone Soup version 0.21-a0-442-g848f44b (webtiles) character file.

330 mortelune the Chopper (level 6, -2/56 HPs)
             Began as a Minotaur Fighter on Nov 11, 2017.
             Slain by an ogre
             ... wielding a cursed -2 giant spiked club
              (17 damage)
             ... on level 4 of the Dungeon on Nov 12, 2017.
             The game lasted 00:08:03 (2840 turns).

mortelune the Chopper (Minotaur Fighter)            Turns: 2840, Time: 00:08:04

Health: -2/56      AC:  9    Str: 22    XL:     6   Next: 26%
Magic:  0/5        EV:  5    Int:  5    God:
Gold:   154        SH:  9    Dex: 10    Spells: 5/5 levels left

rFire    . . .     SeeInvis .   a - +0 war axe
rCold    . . .     Gourm    .   c - +0 shield
rNeg     . . .     Faith    .   h - +0 chain mail
rPois    .         Spirit   +   (helmet restricted)
rElec    .         Reflect  .   (no cloak)
rCorr    .         Harm     .   (no gloves)
MR       .....                  (no boots)
Stlth    ..........             o - amulet of guardian spirit
HPRegen  0.18/turn              (no ring)
MPRegen  0.09/turn              (no ring)

@: no status effects
A: retaliatory headbutt, horns 2
a: no special abilities


You were on level 4 of the Dungeon.
You were not hungry.

You visited 1 branch of the dungeon, and saw 4 of its levels.

You collected 154 gold pieces.

Inventory:

Hand Weapons
 a - a +0 war axe (weapon)
Armour
 b - a +0 scale mail
 c - a +0 shield (worn)
 h - a +0 chain mail (worn)
Jewellery
 o - an amulet of guardian spirit (around neck)
Wands
 w - a wand of polymorph (12/24)
Scrolls
 g - a scroll of remove curse
 i - a scroll of immolation {unknown}
 j - a scroll of blinking {unknown}
 p - 2 scrolls of magic mapping {unknown}
 q - a scroll of random uselessness {unknown}
 r - 2 scrolls of teleportation
 t - 2 scrolls of noise
 u - a scroll of recharging {unknown}
 x - a scroll of enchant armour {unknown}
Potions
 d - a potion of might
 e - a potion of mutation
 k - a potion of lignification
 m - a potion of invisibility {unknown}
 n - 3 potions of heal wounds
 v - 2 potions of curing
Comestibles
 f - 4 bread rations
 l - a meat ration
 s - 2 royal jellies


   Skills:
 + Level 5.2 Fighting
 * Level 6.0 Axes
 + Level 5.2 Armour
 - Level 3.6 Shields


You had 5 spell levels left.
You didn't know any spells.

Dungeon Overview and Level Annotations

Branches:
Dungeon (4/15)
 Temple: D:4-7

Altars:
Sif Muna
Uskayaw
Zin


Innate Abilities, Weirdness & Mutations

You reflexively headbutt those who attack you in melee.
You have a pair of horns on your head.


Message History

You barely miss the ogre.
The ogre is heavily wounded.
The ogre barely misses you.
Your shield and chain mail prevent you from hitting the ogre.
The ogre is heavily wounded.
The ogre hits you with a giant spiked club!
You hit the ogre.
The ogre is heavily wounded.
The ogre hits you with a giant spiked club!!
You closely miss the ogre.
The ogre is heavily wounded.
The ogre barely misses you.
You hit the ogre.
The ogre is severely wounded.
The ogre hits you with a giant spiked club!
* * * LOW HITPOINT WARNING * * *
You barely miss the ogre. You headbutt the ogre.
The ogre is severely wounded.
The ogre hits you with a giant spiked club!!
You die...

#.#.#
#.#.......#...#
.#.......#...#
.^..._...#.#.#
#.......#.#.#
#...... #.#.# # ..s.
#.#.###.#
#..####O####........
#......@......####..
#.............#
###############


You could see an ogre and a giant cockroach.

Vanquished Creatures
  The ghost of kae the Chopper, an amateur HOFi (D:3)
  A hound (D:4)
  An orc priest (D:3)
  A worker ant (D:4)
  4 gnolls (D:3)
  5 adders
  2 worms
  2 dart slugs (D:1)
  6 orcs (D:3)
  3 giant cockroaches
  5 goblins
  7 hobgoblins
  5 jackals (D:1)
  2 kobolds
  2 quokkas
  5 bats
  4 frilled lizards
  6 rats (D:1)
62 creatures vanquished.

Vanquished Creatures (others)
  5 toadstools (D:1)
5 creatures vanquished.

Grand Total: 67 creatures vanquished

Notes
Turn   | Place    | Note
-------+----------+-------------------------------------------
     0 | D:1      | mortelune the Minotaur Fighter began the quest for the Orb.
     0 | D:1      | Reached XP level 1. HP: 19/19 MP: 0/0
   107 | D:1      | Reached skill level 3 in Axes
   107 | D:1      | Reached XP level 2. HP: 27/27 MP: 1/1
   852 | D:2      | Reached XP level 3. HP: 33/33 MP: 2/2
  1335 | D:2      | Reached skill level 4 in Axes
  1469 | D:2      | Reached XP level 4. HP: 40/40 MP: 3/3
  1607 | D:2      | Found a deep blue altar of Sif Muna.
  1670 | D:2      | Found a glowing silver altar of Zin.
  1912 | D:3      | Noticed kae's ghost (amateur HOFi)
  1938 | D:3      | Killed kae's ghost
  1938 | D:3      | Reached skill level 5 in Axes
  1938 | D:3      | Reached XP level 5. HP: 43/47 MP: 2/4
  2176 | D:3      | Reached skill level 5 in Fighting
  2368 | D:3      | Reached skill level 5 in Armour
  2552 | D:3      | Reached XP level 6. HP: 30/56 MP: 3/5
  2778 | D:3      | Upgraded the game from 0.21-a0-440-g28109cb to 0.21-a0-442-g848f44b
  2820 | D:4      | Reached skill level 6 in Axes
  2831 | D:4      | Found a hide-covered altar of Uskayaw.
  2840 | D:4      | Slain by an ogre

Vault maps used:
D:1:      ldierk_walled_garden
D:2:      led_sif_pool, nicolae_overflow_hidden_temple
D:4:      okawaru_gym_becter, nicolae_gozag_zags_fifth_avenue,
          marbit_many_paths, old_standard_altar, minmay_temple_entry_junction_2,
          first_bread, lightli_sewer_entry_pipes, lemuel_tele_altar,
          uniq_grinder, uniq_crazy_yiuf_cottage, uniq_natasha

Skill      XL: |  1  2  3  4  5  6 |
---------------+-------------------+-----
Axes           | 3 4 5 6 |  6.0
Fighting       | 4 5 |  5.2
Armour         | 4 5 |  5.2
Shields        | |  3.6

Action                   |  1- 3 |  4- 6 || total
-------------------------+-------+-------++-------
Melee: War axe           |    92 |    95 ||   187
       Headbutt          |    13 |    18 ||    31
  Use: Scroll            |       |     8 ||     8
       Potion            |       |     1 ||     1
  Eat: Chunk             |     1 |     5 ||     6
Armor: Chain mail        |    54 |    34 ||    88
       Scale mail        |     2 |       ||     2
Dodge: Dodged            |    14 |    15 ||    29
Block: Shield            |    44 |    43 ||    87

Table legend:
 A = Spawn XP
 B = Non-spawn XP
 C = Spawn XP percentage of total XP
 D = Spawn monster count
 E = Non-spawn monster count
 F = Spawn count percentage of total count
 G = Total turns spent on level
                    A         B        C        D         E        F      G
               +---------+---------+-------+---------+---------+-------+---------
         Total |       0 |     472 |   0.0 |       0 |      62 |   0.0 |  2840
               +---------+---------+-------+---------+---------+-------+---------
           D:1 |       0 |      40 |   0.0 |       0 |      22 |   0.0 |   835
           D:2 |       0 |      65 |   0.0 |       0 |      17 |   0.0 |   966
           D:3 |       0 |     290 |   0.0 |       0 |      21 |   0.0 |  1003
           D:4 |       0 |      77 |   0.0 |       0 |       2 |   0.0 |    36
               +---------+---------+-------+---------+---------+-------+---------
